 Dungeon Crawl Stone Soup version 0.21-a0-111-g52d2817 (webtiles) character file.

56 Gorglomux the Skirmisher (level 3, 0/49 HPs)
             Began as a Hill Orc Abyssal Knight on July 11, 2017.
             Was a Follower of Lugonu.
             Slain by Crazy Yiuf
             ... wielding a +3 quarterstaff of chaos
              (3 damage)
             ... on level 2 of the Dungeon.
             The game lasted 00:03:34 (2014 turns).

Gorglomux the Skirmisher (Hill Orc Abyssal Knight)  Turns: 2014, Time: 00:03:35

Health: 0/49       AC: 21    Str: 15    XL:     3   Next: 97%
Magic:  5/5        EV:  2    Int: 12    God:    Lugonu [*.....]
Gold:   95         SH:  0    Dex: 10    Spells: 2/2 levels left

rFire    . . .     SeeInvis .   a - +1 hand axe
rCold    . . .     Gourm    .   (no shield)
rNeg     + + +     Faith    .   (armour currently unavailable)
rPois    +         Spirit   .   (helmet currently unavailable)
rElec    .         Reflect  .   (cloak currently unavailable)
rCorr    .         Harm     .   (gloves currently unavailable)
MR       .....     NoTele   +   (boots currently unavailable)
Stlth    +.........             (no amulet)
HPRegen  0.16/turn              l - ring of flight
MPRegen  0.09/turn              (no ring)

@: lethally poisoned (0 -> -18), tree-form
A: no striking features
a: Depart the Abyss, Renounce Religion


You were on level 2 of the Dungeon.
You worshipped Lugonu.
Lugonu was aware of your devotion.
You were not hungry.
You were a tree.
You visited 1 branch of the dungeon, and saw 2 of its levels.
You visited the Abyss 1 time.

You collected 95 gold pieces.

Inventory:

Hand Weapons
 a - a +1 hand axe (weapon)
Armour
 b - a +0 leather armour (melded)
 q - a +0 helmet (melded)
Jewellery
 l - a ring of flight (left branch)
Scrolls
 e - 2 scrolls of fog {unknown}
 n - 2 scrolls of remove curse {unknown}
 o - a scroll of recharging {unknown}
 r - a scroll of identify {unknown}
 u - a scroll of amnesia {unknown}
 v - a scroll of teleportation {unknown}
 y - a scroll of random uselessness {unknown}
Potions
 t - a potion of mutation {unknown}
Comestibles
 c - 2 bread rations


   Skills:
 + Level 4.1 Fighting
 + Level 3.3 Axes
 + Level 2.9 Armour
 + Level 1.2 Dodging
 + Level 3.2 Invocations


You had 2 spell levels left.
You didn't know any spells.

Dungeon Overview and Level Annotations

Branches:
Dungeon (2/15)

Altars:

Annotations:
D:2 Crazy Yiuf


Message History

Crazy Yiuf hits you with a quarterstaff of chaos.
You suddenly lose the ability to move!
You feel sick.
Crazy Yiuf hits you with a quarterstaff of chaos!
* * * LOW HITPOINT WARNING * * *
You feel sick.
Crazy Yiuf cries, "Tosser Hive sing!"
Crazy Yiuf hits you with a quarterstaff of chaos.
* * * LOW HITPOINT WARNING * * *
You are more poisoned.
You can move again.
Unknown command.
Unknown command.
Unknown command.
You turn into a tree.
Your +0 helmet melds into your body.
Your +0 leather armour melds into your body.
Your roots penetrate the ground.
* * * LOW HITPOINT WARNING * * *
You feel sick. Crazy Yiuf hits you but does no damage. Space bends around you.
You die...

#......##..# #.##
#.##..###..# #.#
#.##### #..# #.#
### #### #.######
#....... #.######
#### ♣♣##..#
#)))#♣♣ ♣♣P....#
#.)g♣)♣♣♣♣P.....#
#)))#♣))♣).....##
#### ♣♣♣)♣)P..##
♣♣♣♣♣### ######
### #### #....#
#.#### #..#
####.# #....#
#..# #.#
#########.# #..#
#.###


You could see Crazy Yiuf.

Vanquished Creatures
  An adder (D:2)
  A worm (D:2)
  3 dart slugs
  2 leopard geckos
  A ball python (D:1)
  5 bats
  A giant cockroach (D:2)
  2 goblins
  4 hobgoblins
  A quokka (D:2)
  4 frilled lizards
  3 kobolds
  8 rats
  3 fungi (D:2)
39 creatures vanquished.

Notes
Turn   | Place    | Note
-------+----------+-------------------------------------------
     0 | Abyss:1  | Gorglomux the Hill Orc Abyssal Knight began the quest for the Orb.
     0 | Abyss:1  | Reached XP level 1. HP: 19/19 MP: 2/2
    55 | Abyss:1  | Noticed an iron imp
    67 | Abyss:1  | Noticed a red draconian shifter
    69 | Abyss:1  | Noticed a green death
    70 | D:1      | Escaped the Abyss
   169 | D:1      | Reached XP level 2. HP: 3/26 MP: 4/4
   539 | D:1      | Reached skill level 3 in Axes
   541 | D:1      | Reached skill level 1 in Dodging
   547 | D:1      | Reached * piety under Lugonu
   944 | D:2      | Reached XP level 3. HP: 33/33 MP: 5/5
   959 | D:2      | Reached skill level 3 in Invocations
  1306 | D:2      | Reached skill level 4 in Fighting
  1608 | D:2      | Found a runed door.
  2007 | D:2      | Noticed Crazy Yiuf
  2011 | D:2      | Paralysed by Crazy Yiuf for 3 turns
  2014 | D:2      | Slain by Crazy Yiuf

Vault maps used:
D:1:      dpeg_arrival_simpleton_b
D:2:      minmay_wonky_spiral, serial_park_tiny_2,
          hangedman_decor_clover_reticule, uniq_crazy_yiuf_cottage

Skill      XL: |  1  2  3 |
---------------+----------+-----
Axes           | 3 |  3.3
Dodging        | 1 |  1.2
Invocations    | 3 |  3.2
Fighting       | 4 |  4.1
Armour         | |  2.9

Action                   || total
-------------------------++-------
Melee: Hand axe          ||   150
Invok: Depart the Abyss  ||     1
  Use: Potion            ||     3
  Eat: Chunk             ||     4
Armor: Leather armour    ||    36
       Skin              ||     1
Dodge: Dodged            ||    79
